 Dungeon Crawl Stone Soup version 0.17.1-3-g152610e (webtiles) character file.

2825 Gargoyl the Covered (level 9, -6/69 HPs)
             Began as a Demonspawn Abyssal Knight on Mar 9, 2016.
             Was a Priest of Lugonu.
             Succumbed to a green ugly thing's poison
             ... on level 7 of the Dungeon.
             The game lasted 00:16:30 (8950 turns).

Gargoyl the Covered (Demonspawn Abyssal Knight)     Turns: 8950, Time: 00:16:30

Health: -6/69      AC: 20    Str: 15    XL:     9   Next: 45%
Magic:  12/12      EV:  6    Int: 14    God:    Lugonu [***...]
Gold:   276        SH:  0    Dex: 11    Spells: 0 memorised, 8 levels left

rFire  . . .     SeeInvis .     a - +0 war axe
rCold  . . .     Clarity  .     p - +0 plate armour
rNeg   . . .     SustAt   .     (no shield)
rPois  .         Gourm    .     (helmet unavailable)
rElec  .         Spirit   .     (no cloak)
rCorr  .         Warding  .     (no gloves)
rMut   .         Stasis   .     (no boots)
MR     .....                    (no amulet)
Stlth  ..........               (no ring)
                                f - ring of stealth

@: lethally poisoned (-6 -> -83), not resistant to hostile enchantments,
extremely unstealthy
A: horns 3, rough black scales 2, powered by pain 1
a: Depart the Abyss, Bend Space, Banish, Renounce Religion


You were on level 7 of the Dungeon.
You worshipped Lugonu.
Lugonu was most pleased with you.
You were not hungry.

You visited 1 branch of the dungeon, and saw 7 of its levels.
You visited the Abyss 1 time.
You also visited: Sewer.

You collected 276 gold pieces.

Inventory:

Hand Weapons
 a - a +0 war axe (weapon)
Armour
 p - a +0 plate armour (worn)
Jewellery
 f - a ring of stealth (left hand)
 u - an uncursed ring of ice
Scrolls
 b - 2 scrolls of immolation {unknown}
 e - 3 scrolls of identify {unknown}
 k - a scroll of amnesia {unknown}
 m - 3 scrolls of fog {unknown}
 n - 2 scrolls of noise {unknown}
 o - a scroll of remove curse {unknown}
 q - 2 scrolls of enchant weapon {unknown}
 r - 2 scrolls of enchant armour {unknown}
 w - 2 scrolls of magic mapping
Potions
 g - a potion of flight
 h - a potion of curing {unknown}
 i - a potion of heal wounds
 j - 2 potions of might
 l - a potion of berserk rage {unknown}
 s - a potion of degeneration {unknown}
 t - a potion of haste
 x - a potion of ambrosia {unknown}
Books
 y - a book of the Dragon

   Spells                             Type                      Level
   a - Flame Tongue                   Conjuration/Fire             1
   b - Cause Fear                     Hexes                        4
   c - Bolt of Fire                   Conjuration/Fire             6
   d - Dragon Form                    Transmutation                7
   e - Dragon's Call                  Summoning                    9
 z - a book of Conjurations

   Spells                             Type                      Level
   a - Magic Dart                     Conjuration                  1
   b - Searing Ray                    Conjuration                  2
   c - Dazzling Spray                 Conjuration/Hexes            3
   d - Fulminant Prism                Conjuration/Hexes            4
   e - Iskenderun's Mystic Blast      Conjuration                  4
   f - Iskenderun's Battlesphere      Conjuration/Charms           5
Comestibles
 c - a bread ration
 d - 4 meat rations
 v - 2 slices of pizza
 A - a beef jerky


   Skills:
 + Level 6.1 Fighting
 + Level 6.1 Axes
 + Level 7.7 Armour
 + Level 3.4 Dodging
 + Level 2.6 Stealth
 + Level 4.4 Invocations


You had 8 spell levels left.
You didn't know any spells.

Dungeon Overview and Level Annotations

Branches:
Dungeon (7/15)
 Temple: D:4-7

Altars:
Ashenzari
Cheibriados
Fedhas
Gozag
Ru
Vehumet
Xom


Innate Abilities, Weirdness & Mutations

You have a pair of large horns on your head.
You are mostly covered in rough black scales (AC +7, Dex -2).
You sometimes gain a little power by taking damage.


Message History

The green ugly thing is heavily wounded.
You feel sick. Something hits you but does no damage.
The green ugly thing claws you but does no damage.
Unknown command.
You closely miss something. You closely miss the green ugly thing.
The green ugly thing is heavily wounded.
You feel sick. Something hits you but does no damage.
The green ugly thing claws you!
* * * LOW HITPOINT WARNING * * *
You are lethally poisoned!
The green ugly thing poisons you! Something hits you.
* * * LOW HITPOINT WARNING * * *
The green ugly thing claws you!
* * * LOW HITPOINT WARNING * * *
You are more poisoned.
The green ugly thing poisons you!
Your plate armour prevents you from hitting something.
You hit the green ugly thing but do no damage.
The green ugly thing is heavily wounded.
You die...

.......# #####
.......######...#
............+...####
.###'########......#
. #.#......+......+
.###'##.#####......#
........#####......#
#.......'.....#..###
#.......########@#
####+#### #u{# ..oo#
#....# #.....#
#....## #.... #..##


You could see a green ugly thing and 2 orcs.

Vanquished Creatures
  The ghost of CcS the Spear-Bearer, a novice HuAs (D:6)
  A wyvern (D:7)
  The ghost of Sanvar the Sneak, an amateur SpEn (D:3)
  An orc warrior (D:6)
  2 ogres
  A phantom (D:5)
  5 necrophages (D:6)
  A black bear (D:6)
  A centaur (D:6)
  A crocodile (D:7)
  A big kobold (Sewer)
  A scorpion (D:7)
  A giant frog zombie (D:6)
  2 hounds
  5 crimson imps
  A giant frog skeleton (D:5)
  2 jellies (D:5)
  2 orc wizards
  5 worker ants
  An orc priest (D:4)
  2 iguanas
  2 killer bee zombies
  A hound zombie (D:5)
  2 hound skeletons
  A worker ant zombie (D:6)
  A river rat (Sewer)
  7 adders
  An adder zombie (D:6)
  2 worms
  3 giant geckos
  10 orcs
  3 ball pythons
  7 giant cockroaches
  2 goblins
  8 hobgoblins
  10 jackals
  11 kobolds
  A quokka (D:7)
  6 bats
  7 giant newts
  2 jackal skeletons (D:4)
  A quokka skeleton (D:4)
  18 rats
  2 plants (D:6)
146 creatures vanquished.

Vanquished Creatures (others)
  2 bushes (D:6)
  8 plants (D:6)
10 creatures vanquished.

Grand Total: 156 creatures vanquished

Notes
Turn   | Place    | Note
--------------------------------------------------------------
     0 | Abyss:1  | Gargoyl the Demonspawn Abyssal Knight began the quest for the Orb.
     0 | Abyss:1  | Reached XP level 1. HP: 18/18 MP: 2/2
    68 | Abyss:1  | Noticed a small abomination
    82 | Abyss:1  | Noticed a small abomination
    87 | Abyss:1  | Found a corrupted altar of Lugonu.
    93 | D:1      | Escaped the Abyss
   121 | D:1      | Reached * piety under Lugonu
   665 | D:1      | Gained mutation: You sometimes gain a little power by taking damage. [demonic ancestry]
   665 | D:1      | Reached XP level 2. HP: 24/24 MP: 3/3
   873 | D:2      | Reached skill level 1 in Dodging
  1193 | D:2      | Gained mutation: You have a pair of small horns on your head. [demonic ancestry]
  1193 | D:2      | Reached XP level 3. HP: 29/29 MP: 5/5
  1311 | D:2      | Reached skill level 1 in Stealth
  1783 | D:3      | Reached ** piety under Lugonu
  1803 | D:3      | Found a glowing drain.
  1826 | Sewer    | Entered a sewer
  1932 | Sewer    | Noticed a big kobold
  1959 | Sewer    | Killed a big kobold
  1959 | Sewer    | Reached XP level 4. HP: 23/37 MP: 6/6
  2087 | Sewer    | Found a white marble altar of Elyvilon.
  2186 | D:3      | Gained mutation: You have a pair of horns on your head. [demonic ancestry]
  2186 | D:3      | Reached XP level 5. HP: 42/42 MP: 7/7
  2221 | D:3      | Found a shattered altar of Ashenzari.
  2321 | D:3      | Noticed Sanvar's ghost (amateur SpEn)
  2350 | D:3      | Killed Sanvar's ghost
  2350 | D:3      | Reached skill level 4 in Fighting
  2777 | D:3      | Gained mutation: You have a pair of large horns on your head. [demonic ancestry]
  2777 | D:3      | Reached XP level 6. HP: 44/48 MP: 8/8
  3915 | D:4      | Found an opulent altar of Gozag.
  4696 | D:5      | Entered Level 5 of the Dungeon
  4964 | D:4      | Reached *** piety under Lugonu
  5083 | D:5      | Gained mutation: You are partially covered in rough black scales (AC +4, Dex -1). [demonic ancestry]
  5083 | D:5      | Reached XP level 7. HP: 29/55 MP: 9/9
  5879 | D:5      | Reached skill level 5 in Armour
  6386 | D:6      | Reached XP level 8. HP: 37/61 MP: 10/10
  6621 | D:6      | Found a shimmering altar of Xom.
  6800 | D:6      | Found a radiant altar of Vehumet.
  7051 | D:6      | Found a blossoming altar of Fedhas.
  7093 | D:6      | Noticed CcS's ghost (novice HuAs)
  7441 | D:6      | Killed CcS's ghost
  7441 | D:6      | Reached skill level 5 in Fighting
  7441 | D:6      | Reached skill level 5 in Axes
  7441 | D:6      | Reached skill level 6 in Armour
  7768 | D:6      | Found a snail-covered altar of Cheibriados.
  8135 | D:6      | Gained mutation: You are mostly covered in rough black scales (AC +7, Dex -2). [demonic ancestry]
  8135 | D:6      | Reached XP level 9. HP: 55/66 MP: 12/12
  8140 | D:6      | Reached skill level 7 in Armour
  8747 | D:7      | Found a sacrificial altar of Ru.
  8929 | D:7      | Noticed a green ugly thing
  8949 | D:7      | HP: 2/69 [green ugly thing (8)]
  8950 | D:7      | Succumbed to a green ugly thing's poison

Action                   |  1- 3 |  4- 6 |  7- 9 || total
-------------------------+-------+-------+-------++-------
Melee: Hand axe          |   136 |   173 |   286 ||   595
       War axe           |       |       |   147 ||   147
Invok: Depart the Abyss  |     1 |       |       ||     1
       Banish            |       |       |     2 ||     2
  Use: Scroll            |     1 |       |       ||     1
       Potion            |       |     2 |     4 ||     6
 Stab: Sleeping          |     6 |     2 |       ||     8
       Distracted        |     1 |     1 |       ||     2
       Paralysed         |       |       |     2 ||     2
  Eat: Chunk             |     3 |     2 |     7 ||    12
       Royal jelly       |     1 |       |       ||     1
       Bread ration      |       |     2 |     1 ||     3
